Cogmind - Beta 15 @@@ ROGUE MODE // 2025.05.29 @ 21:35:40 Player: arcadus Result: Destroyed by G-47 Trooper with Particle Gun Performance ------------- Evolutions (2) 1000 Regions Visited (5) 1000 Robots Destroyed (7) 35 Value Destroyed (68) 68 Prototype IDs (1) 20 Alien Tech Used (0) 0 Bonus (0) 0 TOTAL SCORE: 2123 Bonus ------- None Cogmind --------- Core Integrity 0/550 Matter 158/300 Energy 100/100 System Corruption 13% Temperature Cool (9) Movement Core (100) Ox1 Location -8/Materials Parts ------- > --- POWER (1) -------- (None) > --- PROPULSION (4) --- (None) > --- UTILITY (4) ------ (None) > --- WEAPON (2) ------- Missile Launcher > --- INVENTORY (5) ---- Surge Thruster Assault Rifle Mining Laser Chainsword Peak State ------------ > --- POWER ------------ Light Nuclear Core > --- PROPULSION ------- Cesium-ion Thruster Cesium-ion Thruster Cesium-ion Thruster Cesium-ion Thruster > --- UTILITY ---------- Small Storage Unit Improved Sensor Array Experimental Sensor Array Seismic Detector > --- WEAPON ----------- Mining Laser Chainsword > --- INVENTORY -------- Light Nuclear Core Light Nuclear Core VTOL Module VTOL Module Assault Rifle Missile Launcher Mining Laser [Rating: 35] Favorites ----------- Power Light Nuclear Core Engine Ion Engine Power Core Light Nuclear Core Propulsion Cesium-ion Thruster Leg Aluminum Leg Flight Unit Cesium-ion Thruster Utility Small Storage Unit Device Improved Sensor Array Storage Small Storage Unit Weapon Mining Laser Ballistic Gun Assault Rifle Launcher Missile Launcher Special Weapon Mining Laser Slashing Weapon Chainsword Build | -11 -10 -10 -9 -9 -8 ------- Run | Yrd Mat Min Mat Min Mat Slots Evolved 4 | . . . 2 . 2 Power . | . . . . . . Propulsion 2 | . . . 1 . 1 Utility 2 | . . . 1 . 1 Weapon . | . . . . . . Parts Attached 18 | 1 1 1 5 . 10 Power 3 | . . . 1 . 2 Engine . | . . . . . . Core 3 | . . . 1 . 2 Reactor . | . . . . . . Propulsion 7 | . . . 3 . 4 Treads . | . . . . . . Leg . | . . . . . . Wheel . | . . . . . . Hover . | . . . . . . Flight 7 | . . . 3 . 4 Utility 4 | 1 . 1 1 . 1 Device 4 | 1 . 1 1 . 1 Storage . | . . . . . . Processor . | . . . . . . Hackware . | . . . . . . Protection . | . . . . . . Artifact . | . . . . . . Weapon 4 | . 1 . . . 3 Energy Gun . | . . . . . . Energy Cannon . | . . . . . . Ballistic Gun . | . . . . . . Ballistic Cannon . | . . . . . . Launcher 1 | . . . . . 1 Special Weapon 1 | . 1 . . . . Impact Weapon . | . . . . . . Slashing Weapon 2 | . . . . . 2 Piercing Weapon . | . . . . . . Special Melee Weapon . | . . . . . . Unidentified Prototypes 1 | . . . . . 1 Parts Lost 12 | . . . . . 12 Power 3 | . . . . . 3 Propulsion 7 | . . . . . 7 Utility 2 | . . . . . 2 Weapon . | . . . . . . Highest Loss Streak 9 | . . . . . 9 To Critical Strikes . | . . . . . . Average Backups 7 | 6 8 8 8 8 6 Power 2 | 1 3 2 2 2 1 Propulsion 1 | 3 1 . 2 3 1 Utility . | . 1 1 . . . Weapon 3 | 1 2 4 3 2 3 Tool/Special . | . . . . . . Unused Backups 20 | 8 3 2 5 . 2 Power 4 | 1 . 1 2 . . Propulsion 9 | 4 3 . 1 . 1 Utility 2 | 1 . . 1 . . Weapon 5 | 2 . 1 1 . 1 Tool/Special . | . . . . . . Average Slot Usage (%) 88 | . 100 100 92 100 74 Engine 5 | . 14 14 1 . . Core 5 | . . . 9 11 7 Leg 10 | . 28 28 2 . . Flight 17 | . . . 29 33 27 Device 16 | . 14 14 16 22 17 Storage 10 | . 14 14 11 11 7 Ballistic Gun 9 | . 22 14 11 11 . Special Weapon 9 | . 5 14 11 11 6 Slashing Weapon 2 | . . . . . 6 Peak Build Rating 35 | 9 9 10 20 21 35 Average Rating 16 | 7 9 9 18 20 22 On Entrance 12 | 6 9 9 10 20 21 Naked Turns 49 | . . . . . 49 Heaviest Build 18 | 15 15 14 15 15 18 Greatest Support 20 | 20 20 20 20 15 20 Greatest Overweight (x) 4 | . . . 4 . 2 Average Overweight (x) . | . . . . . . Largest Inventory Capacity 8 | 8 8 8 8 8 8 Average Capacity 7 | 8 8 8 8 8 7 Most Carried 8 | 8 8 8 8 8 8 Average Carried 7 | 6 7 7 7 7 6 Final Capacity 8 | 8 8 8 8 8 5 Final Carried 8 | 8 8 8 8 8 4 Class Distribution -------------------- 56% | Mutant 43% | Sprinter Dominant Class ---------------- Mutant | -10/Materials Mutant | -10/Mines Sprinter | -9/Materials Sprinter | -9/Mines Sprinter | -8/Materials Resources | -11 -10 -10 -9 -9 -8 ----------- Run | Yrd Mat Min Mat Min Mat Matter Collected 312 | 240 . 32 25 . 15 Remotely . | . . . . . . Salvage Created 153 | 91 . . . . 62 Parts 14 | 6 . . . . 8 Haulers Intercepted . | . . . . . . Recyclers Shooed 1 | 1 . . . . . Parts Field Recycled . | . . . . . . Retrieved Matter . | . . . . . . Parts Self-Destructed . | . . . . . . Prevented . | . . . . . . Kills | -11 -10 -10 -9 -9 -8 ------- Run | Yrd Mat Min Mat Min Mat Combat Hostiles Destroyed 4 | . . . . . 4 Melee 2 | . . . . . 2 AOE 2 | . . . . . 2 Classes Destroyed 5 | 2 . . . . 3 Worker 1 | . . . . . 1 Tunneler 1 | 1 . . . . . Recycler 1 | 1 . . . . . Swarmer 2 | . . . . . 2 Cutter 2 | . . . . . 2 Best Kill Streak 5 | 2 . . . . 5 Combat Bots Only 2 | . . . . . 2 Max Kills in Single Turn 2 | 1 . . . . 2 Gunslinging . | . . . . . . Exploded 2 | . . . . . 2 Melee 1 | . . . . . 1 Uniques/NPCs Destroyed . | . . . . . . Combat | -11 -10 -10 -9 -9 -8 -------- Run | Yrd Mat Min Mat Min Mat Hostile Shots Fired 100 | . . . 5 . 95 Missed 32 | . . . 2 . 30 Hits 68 | . . . 3 . 65 Projectile 68 | . . . 3 . 65 AOE 2 | . . . . . 2 Damage Taken 1272 | . . . 20 . 1252 Core 565 | . . . . . 565 Absorbed by Shields . | . . . . . . Core Remaining (%) 100 | 100 . 100 . 100 . Volleys Fired 35 | 5 4 . . . 26 Largest 2 | 2 2 . . . 1 Hottest 100 | 40 100 . . . 100 Shots Fired 42 | 10 6 . . . 26 Gun 14 | 10 4 . . . . Cannon . | . . . . . . Launcher 5 | . . . . . 5 Special 23 | . 2 . . . 21 Kinetic 14 | 10 4 . . . . Thermal 23 | . 2 . . . 21 Explosive 5 | . . . . . 5 Electromagnetic . | . . . . . . Robot Hit Streak 3 | 3 1 . . . . Robot Miss Streak 1 | 1 1 . . . . Penetration Max . | . . . . . . Secondary Targets . | . . . . . . Shots Hit Robots 12 | 7 2 . . . 3 Core Hits 14 | 3 1 . . . 10 Critical Kills . | . . . . . . Critical Parts Destroyed . | . . . . . . Critical Strikes . | . . . . . . Melee Attacks 6 | . . . . . 6 Impact . | . . . . . . Slashing 6 | . . . . . 6 Piercing . | . . . . . . Sneak Attacks . | . . . . . . Combat Hostiles . | . . . . . . Follow-up Attacks . | . . . . . . Damage Inflicted 674 | 92 24 . . . 558 Guns 116 | 92 24 . . . . Cannons . | . . . . . . Explosions 444 | . . . . . 444 Melee 114 | . . . . . 114 Ramming . | . . . . . . Kinetic 116 | 92 24 . . . . Thermal . | . . . . . . Explosive 444 | . . . . . 444 Electromagnetic . | . . . . . . Impact . | . . . . . . Slashing 114 | . . . . . 114 Piercing . | . . . . . . Highest Corruption 13 | . . . . . 13 Average Corruption 12 | . . . . . 12 Corruption Purged . | . . . . . . Corruption Blocked . | . . . . . . Effects 10 | . . . . . 10 Message Errors 2 | . . . . . 2 Matter Fused 1 | . . . . . 1 Heat Flow Errors 2 | . . . . . 2 Energy Discharges 2 | . . . . . 2 Data Loss (minor) 1 | . . . . . 1 Data Loss (major) 1 | . . . . . 1 Misdirections 1 | . . . . . 1 Overload Shots . | . . . . . . Overflow Damage 3 | . . . . . 3 Projectiles . | . . . . . . Explosions 3 | . . . . . 3 Melee . | . . . . . . Knockbacks . | . . . . . . Impact . | . . . . . . Kinetic . | . . . . . . Secondary . | . . . . . . Self-Inflicted Damage 10 | . . . . . 10 Shots 1 | . . . . . 1 Rammed . | . . . . . . Targets Rammed . | . . . . . . Kicked . | . . . . . . Crushed . | . . . . . . Highest Temperature 207 | . 20 . . . 207 Average Temperature 101 | . 10 . . . 108 Received Heat Transfer 63 | . . . . . 63 Siege Activations . | . . . . . . Martial Activations . | . . . . . . Shielding Activations . | . . . . . . Robots Disrupted . | . . . . . . Combat Hostiles . | . . . . . . Robots Corrupted . | . . . . . . Combat Hostiles . | . . . . . . Parts Fried . | . . . . . . Impact Corruptions . | . . . . . . Robots Melted . | . . . . . . Combat Hostiles . | . . . . . . Parts Melted . | . . . . . . Heat Transferred . | . . . . . . Parts Sabotaged . | . . . . . . Parts Stolen . | . . . . . . Parts Stripped . | . . . . . . Power Chain Reactions . | . . . . . . Alert | -11 -10 -10 -9 -9 -8 ------- Run | Yrd Mat Min Mat Min Mat Maximum Alert Level . | . . . . . . Low Security (%) 100 | 100 100 100 100 100 100 Level 1 . | . . . . . . Level 2 . | . . . . . . Level 3 . | . . . . . . Level 4 . | . . . . . . Level 5 . | . . . . . . High Security . | . . . . . . Max Security . | . . . . . . Peak Influence 76 | 10 8 . 35 13 76 Initial 13 | . . . . 13 . Average 4 | 2 . . 4 3 8 Influence Increases 269 | 10 10 . 50 . 199 Destroy 0b10 Robot/C 80 | . . . . . 80 Destroy 0b10 Robot/NC 20 | 10 . . 5 . 5 Destroy Leader 20 | . . . . . 20 Successful Hack 8 | . 8 . . . . Destroy Structure 36 | . 2 . . . 34 Partial Spotted 45 | . . . 45 . . Lose Combat Pursuer 60 | . . . . . 60 Influence Decreases 240 | 10 10 . 15 35 170 Entered New Map 22 | . . . . 22 . Time Decay 97 | 10 10 . 10 13 54 Lost Part 76 | . . . . . 76 Lost Ally 45 | . . . 5 . 40 Squads Dispatched 5 | . 1 1 . . 3 Investigation 2 | . . 1 . . 1 Extermination . | . . . . . . Reinforcement 3 | . 1 . . . 2 Assault . | . . . . . . Garrison . | . . . . . . Intercept . | . . . . . . Searches Triggered . | . . . . . . Construction Impeded . | . . . . . . Haulers Reinforced . | . . . . . . Active Scanning Responses . | . . . . . . Cargo Convoy Interrupts . | . . . . . . Stealth | -11 -10 -10 -9 -9 -8 --------- Run | Yrd Mat Min Mat Min Mat Distress Signals 1 | . . . 1 . . Communications Jammed . | . . . . . . Distress Signals . | . . . . . . Times Spotted 24 | . 2 . 5 . 17 Peak Tracking Total 10 | . 2 . 7 . 10 Tactical Retreats 2 | . . . . . 2 Traps | -11 -10 -10 -9 -9 -8 ------- Run | Yrd Mat Min Mat Min Mat Traps Triggered . | . . . . . . Indirectly . | . . . . . . Trap Hack Attempts . | . . . . . . Triggered . | . . . . . . Disarmed . | . . . . . . Reprogrammed . | . . . . . . Reused . | . . . . . . Traps Extracted . | . . . . . . Installed . | . . . . . . Triggered . | . . . . . . Machines | -11 -10 -10 -9 -9 -8 ---------- Run | Yrd Mat Min Mat Min Mat Machines Disabled . | . . . . . . Max in Single Turn . | . . . . . . Machines Repaired . | . . . . . . Machines Dismantled . | . . . . . . Machines Sabotaged . | . . . . . . Overloaded Fab Kills . | . . . . . . Hacking | -11 -10 -10 -9 -9 -8 --------- Run | Yrd Mat Min Mat Min Mat Machines Accessed 6 | . 1 1 2 . 2 Terminals 5 | . 1 . 2 . 2 Fabricators . | . . . . . . Repair Stations . | . . . . . . Recycling Units . | . . . . . . Scanalyzers . | . . . . . . Garrison Access . | . . . . . . Total Hacks 12 | . 2 1 4 . 5 Successful 3 | . 1 1 1 . . Failed 9 | . 1 . 3 . 5 Catastrophic 4 | . 1 . 1 . 2 Database Lockouts . | . . . . . . Manual 11 | . 2 . 3 . 6 Terminals 11 | . 2 . 4 . 5 Fabricators . | . . . . . . Repair Stations . | . . . . . . Recycling Units . | . . . . . . Scanalyzers . | . . . . . . Garrison Access . | . . . . . . Terminal Hacks 3 | . 1 1 1 . . Open Door 1 | . . 1 . . . Branch Access Points 2 | . 1 . 1 . . Fabricator Hacks . | . . . . . . Repair Station Hacks . | . . . . . . Recycling Unit Hacks . | . . . . . . Scanalyzer . | . . . . . . Garrison Access Hacks . | . . . . . . Unauthorized Hacks . | . . . . . . Terminals . | . . . . . . Fabricators . | . . . . . . Repair Stations . | . . . . . . Recycling Units . | . . . . . . Scanalyzers . | . . . . . . Garrison Access . | . . . . . . Data Cores Recovered 1 | . . . 1 . . Used . | . . . . . . Hacking Detections 4 | . 1 . 1 . 2 Full Trace Events 1 | . . . . . 1 Feedback Events . | . . . . . . Feedback Blocked . | . . . . . . Robot Schematics Acquired . | . . . . . . Robots Built . | . . . . . . Authchips . | . . . . . . Time . | . . . . . . Total Robot Build Rating . | . . . . . . Part Schematics Acquired . | . . . . . . Parts Built . | . . . . . . Authchips . | . . . . . . Time . | . . . . . . Total Part Build Rating . | . . . . . . Parts Repaired . | . . . . . . Time . | . . . . . . Parts Recycled . | . . . . . . Recycled Matter . | . . . . . . Retrieved Matter . | . . . . . . Retrieved Components . | . . . . . . Parts Scanalyzed . | . . . . . . Part Schematics Acquired . | . . . . . . Parts Damaged . | . . . . . . Bothacking | -11 -10 -10 -9 -9 -8 ------------ Run | Yrd Mat Min Mat Min Mat Used RIF Installer . | . . . . . . Robots Hacked . | . . . . . . Non-combat . | . . . . . . Combat . | . . . . . . Robot Hacks Applied . | . . . . . . Relay Couplers Released . | . . . . . . Fabnet Peak Effective % . | . . . . . . Robots Rewired . | . . . . . . Allies Hacked . | . . . . . . Hacks Repelled . | . . . . . . Allies | -11 -10 -10 -9 -9 -8 -------- Run | Yrd Mat Min Mat Min Mat Total Allies 5 | . . 2 . 3 . Largest Group 3 | . . 2 2 3 3 Highest-Rated Group 42 | . . 42 42 40 40 Highest-Rated Ally 31 | . . 31 31 16 16 Total Orders 1 | . . . . 1 . GUARD 1 | . . . . 1 . Ally Attacks 5 | . . . 1 . 4 Total Damage 72 | . . . 22 . 50 Kills 1 | . . . 1 . . Allies Corrupted . | . . . . . . Allies Melted . | . . . . . . Intel | -11 -10 -10 -9 -9 -8 ------- Run | Yrd Mat Min Mat Min Mat Active Infowar (turns) 878 | . 115 226 148 78 311 Sensors 695 | . . 158 148 78 311 Terrain 183 | . 115 68 . . . Seismic 457 | . . . 72 78 307 Robot Analysis Total . | . . . . . . Derelict Logs Recovered 2 | . . 1 . 1 . Drone Launches . | . . . . . . Drone Recoveries . | . . . . . . Exploration | -11 -10 -10 -9 -9 -8 ------------- Run | Yrd Mat Min Mat Min Mat Turns Passed 982 | 42 120 228 148 78 366 Spaces Moved 1008 | 17 84 180 220 218 289 Core 100 | . . . 1 . 99 Treads . | . . . . . . Legs 286 | 17 84 180 5 . . Wheels . | . . . . . . Hover . | . . . . . . Flight 622 | . . . 214 218 190 Fastest Speed 26 | 120 120 120 29 29 26 Average Speed 58 | 120 120 120 32 29 42 Slowest Speed 250 | 120 120 120 250 29 195 Overloaded Moves . | . . . . . . Propulsion Burnouts . | . . . . . . Robots Hopped 16 | . . . 9 5 2 Potential Cave-ins 13 | . . . . . 13 Cave-ins Triggered 2 | . . . . . 2 Exploration Rate (%) 26 | 4 18 36 27 44 32 Regions Visited 5 Branch Regions 2 Pre-discovered Areas 1 | . . 1 . . . Known Exits Taken 3 | . 1 1 1 . . Unknown Exits Taken 2 | 1 . . . 1 . Scrap Searched 1 | . . 1 . . . Spaces Dug 21 | . 2 . . . 19 Terrain Destroyed 67 | . 2 . . . 65 Melee . | . . . . . . Projectile 22 | . 2 . . . 20 AOE 45 | . . . . . 45 Terrain Rammed . | . . . . . . Walls Destroyed . | . . . . . . Machines Disabled . | . . . . . . Actions | -11 -10 -10 -9 -9 -8 --------- Run | Yrd Mat Min Mat Min Mat Total 1287 | 29 94 193 291 227 453 Wait 196 | . . 8 62 13 113 Move 974 | 16 83 179 202 210 284 Hop 12 | . . . 8 2 2 Pick Up 21 | 5 3 2 6 1 4 Fast Attach 5 | . . 1 4 . . Attach 10 | 1 . . . . 9 Detach 2 | . . . . . 2 Swap 5 | . 1 . 1 . 3 Drop 20 | 2 3 3 8 1 3 Fire 35 | 5 4 . . . 26 Melee 6 | . . . . . 6 Ram . | . . . . . . Kick . | . . . . . . Crush . | . . . . . . Escape Stasis 1 | . . . . . 1 Rewire . | . . . . . . Trap . | . . . . . . Miscellaneous . | . . . . . . Route ------- -11/Scrapyard -10/Materials (discovered 2 exits: *Min x2) -10/Mines -9/Materials -9/Mines -8/Materials History --------- Turn | Location | Event 17 | -11/Scrapyard | Discovered new exit (range 3) 43 | -11/Scrapyard | Entered Materials 52 | -10/Materials | Identified exit to Mines 163 | -10/Materials | Entered Mines 185 | -10/Mines | Identified exit to Materials 226 | -10/Mines | Met a Derelict shopkeep closing up shop 315 | -10/Mines | Build established: Mutant 375 | -10/Mines | Learned location of Storage (-7) 391 | -10/Mines | Entered Materials 391 | -9/Materials | Accompanied by 2 allies 391 | -9/Materials | Evolved 2 slots: Propulsion x1, Utility x1 396 | -9/Materials | Led the pair of lost Derelicts to an unsafe place 521 | -9/Materials | Identified exit to Mines 539 | -9/Materials | Entered Mines 540 | -9/Mines | Assisted by bots powering up and referring to "LRC-V3" 542 | -9/Mines | Discovered new exit (range 6) 562 | -9/Mines | Learned Materials terminal intel 582 | -9/Mines | Found a damaged Exp. Sensor Array with a note attached 584 | -9/Mines | Found Prototype Device 617 | -9/Mines | Entered Materials 617 | -8/Materials | Accompanied by 3 allies 617 | -8/Materials | Evolved 2 slots: Propulsion x1, Utility x1 618 | -8/Materials | Loaded intel: 12 terminal locations 618 | -8/Materials | Identified Exp. Sensor Array 708 | -8/Materials | Build established: Sprinter 717 | -8/Materials | Crushed by falling debris 743 | -8/Materials | Crushed by falling debris 744 | -8/Materials | System corruption reached 10% 774 | -8/Materials | Lost 3 parts (2n1u) 883 | -8/Materials | Core integrity fell below 50% 931 | -8/Materials | Core integrity fell below 20% 955 | -8/Materials | Lost 9 parts (3p5n1u) 983 | -8/Materials | Destroyed by G-47 Trooper with Particle Gun Last Messages --------------- 00924_ K-01 Serf collects debris. 00925_ S-10 Pest destroyed. 00927_ Penetrated by Slug. 00928_ Dropped Sml. Storage Unit. 00928_ Dropped Imp. Sensor Array. 00929_ Dropped Chainsword. 00930_ Slug penetrates Wall. 00931_ K-01 Serf collects debris. 00933_ System corrupted: Energy discharge (-17). 00937_ ALERT: Hostiles spotted, dispatching reinforcements to Terminal M010. 00945_ Penetrated by Slug. 00945_ S-10 Pest destroyed. 00950_ System corrupted: Matter fused (-7). 00975_ System corrupted: Heat flow error (+126). 00977_ C-30 ARC bursts open, deploying its payload. 00977_ B-36 Bruiser unfolds itself. 00977_ G-47 Trooper unfolds itself. 00981_ Destroyed Lgt. Nuclear Core. Map ----- +----------------------------------------------------+ | ????????????????????????????????????##""### | | ?????????????????????????????????????## #?? | | ????????????????????????????????????## ##?? | | ????????????????????????????????????####??? | | ????????????????????????????????????###???? | | ????????????????????????????????????# ##??? | | ????????????????????????????????????## #??? | | ?????????????????????????????????????# ##?? | | ?????????????????????????????????????## #?? | | ??????????????????????????????????????# #?? | | ????????????????? ???????????????????# ##? | | ?????????????? ?? ???????????????????##### | | ????????????! #?bg????????????????????## # | | ?????????? t # #???????????#########"## | | ????????###/# ???????????#! ##? | | ????????? % g ???????????# [ """ ### | | ?????????? g ???????????# """ # | | ??????????? g ???????????# """ # | | ????######## #???????????# / ^ | | ????# # b #???????#???# / # | | ????# """ # #??#### #???# "" # | | ????# """ + ###/ ????# ! S"" ## | | ????# """ # ??????# "" ## | | ????#| ??? ?H??????###########^ | | ????# ??????? ????????????????????# | | ?????#+#???#######@###????????????###????# | | ?????# #???# ]#????????????# ??# | | ?????# #???# #????????????# # | | ?????# ##### """ """ #????????????#/ """ + | | ?????# + """ """ #????????????# """ # | | ?????# ##### """ """ #????????????# ""?? | | ?????# #???# #????????????# ????# | | ?????# #???# #??????????????????## | | ?????# #???# #??????????????????# | | ?????# #???###########??????????????????## | | ?????# #????????????????????????????????# | | ?????# #?????????????????????????????#### | | ?????# #?????????????????????????????# | | ?????# #???????????????????????????#### | | ?????# #???????????????????????????# ]] | | ?????# #???????????????????????????# ] %* | | ?????# #?????????????????#?????????##] | | ?????# #?#######????????# ?????????#!!! /* | | ?????# #??[ #????????# ?????????#!! | | ?????# #?? #?????""?+ ?????????#!!!# | | ?????# #??? #????""" # ?????????###### | | ?????# #???[ #?????"" # ###???????????# | | ?????# #???? [ ?????? #???????????# | | ?????# #???? ######## #???????????# | | ?????# ######+## #? # #####???????# | +----------------------------------------------------+ Best States ------------- Heat Dissipation 31 Energy Generation 14 Energy Capacity 250 Matter Stores 300 Matter Capacity 300 Sight Range 16 Robot Scan Range 20 Terrain Scan Range 16 Terrain Scan Density 10 Evasion (%) 64 Item Schematics ----------------- None Robot Schematics ------------------ None Fabricated ------------ Nothing Repaired ---------- Nothing Alien Tech Used ----------------- None Achievements -------------- Cya! Challenges ------------ None Game ------ Seed NeutrinoAlphaSpecial Manual? 0 Play Time 00:33:58 Cumulative 14.9 hours Start 2025.05.29 @ 20:50:42 End 2025.05.29 @ 21:35:40 Sessions 1 Manual Loads 0 Difficulty Rogue Special Mode None Game No. 21 Rogue 21 Adventurer 0 Explorer 0 Win Type - Total 0 Types 0/0/0/0/0/0/0/0/0/0 Lore% 9 Gallery% 16 Achievement% 14 Wizard Run 0 Options --------- Layout 2 ASCII 0 Keyboard 0 Movement Mouse Keybinds 0 Fullscreen 2 Font 24/Terminus Map View 50x44 Zoom Use 0% Tactical HUD 1 Map Filters NONE Filters NONE Steam 1 RUN: fdd92e86-fd4a-4fd1-8aef-99dc6825cff7